 Dungeon Crawl Stone Soup version 0.28-a0-114-g2bf3c13a2f (webtiles) character file.

Game seed: 17038930665768731194

3249 lunkers the Thaumaturge (level 10, 0/76 HPs)
             Began as a Djinni Earth Elementalist on Aug 12, 2021.
             Was a Follower of Makhleb.
             Slain by a two-headed ogre (19 damage)
             ... on level 7 of the Dungeon.
             The game lasted 00:11:13 (9241 turns).

lunkers the Thaumaturge (Djinni Earth Elementalist) Turns: 9241, Time: 00:11:13

Health: 0/76       AC:  4    Str: 19    XL:     10   Next: 19%
Gold:   293        EV: 12    Int: 20    God:    Makhleb [*.....] SH:  0 Dex: 14

rFire   + + .      SeeInvis .   z - +4 quarterstaff (chaos)
rCold   x . .      Faith    .   (shield currently unavailable)
rNeg    . . .      Spirit   .   b - +0 robe
rPois   ∞          Reflect  .   (no helmet)
rElec   .          Harm     .   y - +1 cloak {Will+}
rCorr   .          Rampage  .   (no gloves)
Will    ++...                   (boots unavailable)
Stlth   ++........              (no amulet)
HPRegen 0.22/turn               p - +6 ring of strength
MPRegen 0.00/turn               w - +6 ring of strength

@: flying
A: sickness immunity, fire resistance 2, cold vulnerability 1, float, innate
caster, hp casting, extra vitality 1
a: Renounce Religion


You were on level 7 of the Dungeon.
You worshipped Makhleb.
Makhleb was aware of your devotion.
You visited 2 branches of the dungeon, and saw 9 of its levels.

You collected 293 gold pieces.

Inventory:

Hand Weapons
 k - a +2 dagger of draining
 n - a +0 double sword
 z - a +4 quarterstaff of chaos (weapon)
Missiles
 c - 126 stones
 j - 4 throwing nets
Armour
 b - a +0 robe (worn)
 h - a scarf of repulsion
 y - a +1 cloak of willpower (worn)
Jewellery
 i - an amulet of faith
 p - a +6 ring of strength (left hand)
 w - a +6 ring of strength (right hand)
Wands
 r - a wand of acid (12)
Scrolls
 a - 2 scrolls of fear {unknown}
 e - 2 scrolls of magic mapping {unknown}
 g - 4 scrolls of identify {unknown}
 l - 3 scrolls of immolation {unknown}
 q - 2 scrolls of noise {unknown}
 s - a scroll of teleportation {unknown}
 t - a scroll of enchant armour {unknown}
Potions
 d - 6 potions of curing {unknown}
 f - 2 potions of flight {unknown}
 m - 2 potions of heal wounds {unknown}
 o - a potion of resistance {unknown}
 u - a potion of magic {unknown}
 v - a potion of brilliance {unknown}
 x - a potion of attraction {unknown}


   Skills:
 + Level 7.8 Fighting
 - Level 2.1 Dodging
 - Level 1.5 Stealth
 * Level 9.0 Spellcasting


You had 8 spell levels left.
You knew the following spells:

 Your Spells              Type           Power      Damage    Failure   Level
a - Stone Arrow           Conj/Erth      90%        3d12      1%          3
b - Passwall              Tmut/Erth      37%        N/A       1%          2
c - Sandblast             Erth           90%        2d19      1%          1
d - Petrify               Tmut/Erth      45%        N/A       1%          4
e - Freeze                Ice            100%       1d11      1%          1
f - Corpse Rot            Necr/Air       N/A        N/A       1%          2
g - Summon Guardian Gole  Hex/Summ       45%        N/A       1%          3
h - Mephitic Cloud        Conj/Pois/Air  45%        N/A       1%          3
Your spell library was empty.

Dungeon Overview and Level Annotations

Branches:
Dungeon (8/15)             Temple (1/1) D:5
   Lair: D:8-11

Altars:
Ashenzari
Cheibriados
Elyvilon
Fedhas
Gozag
Hepliaklqana
Kikubaaqudgha
Makhleb
Nemelex Xobeh
Okawaru
Qazlal
Ru
Sif Muna
Trog
Uskayaw
Vehumet
Wu Jian
Xom
Yredelemnul
Zin
The Shining One

Annotations:
D:8 Erica


Innate Abilities, Weirdness & Mutations

You are immune to sickness and miasma.
You are immune to poison.
Your flesh is very heat resistant. (rF++)
You are vulnerable to cold. (rC-)
You float through the air rather than walking.
You learn spells naturally, not from books.
Your magical power is your life essence.
You have superior vitality. (+4 HP)


Message History

You kill the gnoll!
Makhleb accepts your kill.
There is a stone staircase leading up here.
You fly upwards.
Reactivating autopickup.
There is a stone staircase leading down here.
You start resting.
HP restored.
You fly downwards.
Level annotation: Erica Erica casts a spell.
Erica flickers and vanishes!
Deactivating autopickup; reactivate with Ctrl-A.
The two-headed ogre hits you with a +0 giant spiked club.
The two-headed ogre barely misses you.
The two-headed ogre hits you with a +0 giant spiked club!!
The two-headed ogre closely misses you.
There is a stone staircase leading up here.
You fly upwards.
Reactivating autopickup.
There is a stone staircase leading down here.
Casting: Stone Arrow (safe; 1% risk of failure)
Confirm with . or Enter, or press ? or * to list all spells.
The stone arrow hits the two-headed ogre!
The two-headed ogre is moderately wounded.
The two-headed ogre barely misses you.
The two-headed ogre hits you with a +0 giant club!
* * * LOW HITPOINT WARNING * * *
Casting: Stone Arrow (safe; 1% risk of failure)
Confirm with . or Enter, or press ? or * to list all spells.
Aiming: Stone Arrow (safe; 1% risk of failure)
Press: ? - help, Shift-Dir - straight line, f/p - two-headed ogre
Aim: a two-headed ogre, wielding a +0 giant spiked club and a +0 giant club (moderately wounded, 89% to hit)
The stone arrow hits the two-headed ogre!
The two-headed ogre is heavily wounded.
* * * LOW HITPOINT WARNING * * *
The two-headed ogre hits you with a +0 giant spiked club!
* * * LOW HITPOINT WARNING * * *
The two-headed ogre hits you with a +0 giant club!!
You die...

....#§§§§§§ #.#.#
....#§§§§§§ ##...# ....#
§§§§§ #...## ....#######
### #.### ..........#
##.# ###.# ..........#
#..###...# ..........#
#.###...##
##.##########.###.###
###### .#.# #..#.@O#
#<...# ...#
#.##...#####.####
#.##########.##.........#
#......##.........#######
....................#####
.................##.#...#
......(..........##.'.:.#
.................####...#
..........^......# #####


You could see a two-headed ogre.

Vanquished Creatures
  Joseph (D:7)
  A troll (D:7)
  Prince Ribbit (D:7)
  Grinder (D:6)
  Duvessa (D:7)
  A black bear (D:5)
  A sky beast (D:7)
  An ice beast (D:8)
  An ogre (D:5)
  3 necrophages
  A centaur (D:7)
  Blork the orc (D:4)
  A kobold brigand (D:4)
  A scorpion (D:7)
  Dowan (D:7)
  2 water moccasin zombies
  A wyvern skeleton (D:7)
  4 bullfrog zombies
  2 gnoll shamans
  4 jellies
  2 centaur zombies
  2 hounds
  Crazy Yiuf (D:7)
  An orc priest (D:4)
  A bullfrog skeleton (D:5)
  2 iguanas
  An orc wizard (D:4)
  Natasha (thrice) (D:2)
  A killer bee zombie (D:7)
  20 gnolls
  5 adders
  A shadow imp (D:7)
  2 white imps
  2 ufetubi
  A worm (D:5)
  5 dart slugs
  10 orcs
  11 ball pythons
  8 endoplasms
  3 giant cockroaches
  4 goblins
  10 hobgoblins
  3 jackals (D:1)
  3 quokkas
  4 bats
  4 frilled lizards
  4 kobolds
  5 rats
149 creatures vanquished.

Notes
Turn   | Place    | Note
-------+----------+-------------------------------------------
     0 | D:1      | lunkers the Djinni Earth Elementalist began the quest for
                  | the Orb.
     0 | D:1      | Reached XP level 1. HP: 15/15 MP: 0/0
   206 | D:1      | Reached XP level 2. HP: 20/22 MP: 0/0
   514 | D:1      | Reached skill level 1 in Fighting
   741 | D:1      | Reached XP level 3. HP: 26/27 MP: 0/0
   741 | D:1      | Learned a level 1 spell: Freeze
   758 | D:1      | Reached skill level 3 in Spellcasting
   787 | D:1      | Found a faded altar of an unknown god.
  1185 | D:2      | Noticed Natasha
  1192 | D:2      | Killed Natasha
  1193 | D:2      | Reached XP level 4. HP: 19/33 MP: 0/0
  1200 | D:2      | Noticed Natasha
  1210 | D:2      | Killed Natasha
  1448 | D:2      | Noticed Natasha
  1453 | D:2      | Killed Natasha
  1454 | D:2      | Reached XP level 5. HP: 35/38 MP: 0/0
  1454 | D:2      | Learned a level 2 spell: Corpse Rot
  1491 | D:2      | You are sucked into a shaft and drop 1 floor!
  2723 | D:3      | Reached skill level 4 in Spellcasting
  2841 | D:3      | Reached XP level 6. HP: 15/45 MP: 0/0
  3912 | D:4      | Reached XP level 7. HP: 18/50 MP: 0/0
  3912 | D:4      | Learned a level 3 spell: Summon Guardian Golem
  4501 | D:4      | Reached skill level 5 in Spellcasting
  5032 | D:5      | Entered Level 5 of the Dungeon
  5032 | D:5      | Noticed Blork the orc
  5038 | D:4      | Killed Blork the orc
  5446 | D:5      | Reached XP level 8. HP: 55/58 MP: 0/0
  5611 | D:5      | Reached skill level 6 in Spellcasting
  5911 | D:5      | Reached skill level 5 in Fighting
  6270 | D:5      | Found a staircase to the Ecumenical Temple.
  6287 | Temple   | Entered the Ecumenical Temple
  6469 | Temple   | Became a worshipper of Makhleb the Destroyer
  6510 | D:6      | Noticed Grinder
  6515 | D:6      | Killed Grinder
  6516 | D:6      | Reached skill level 7 in Spellcasting
  6516 | D:6      | Reached XP level 9. HP: 54/66 MP: 0/0
  6516 | D:6      | Learned a level 3 spell: Mephitic Cloud
  7249 | D:6      | Found an opulent altar of Gozag.
  7601 | D:7      | Found a runed translucent door.
  7602 | D:7      | Noticed Crazy Yiuf
  7707 | D:7      | Found a stormy altar of Qazlal.
  7749 | D:7      | Noticed Joseph
  7756 | D:7      | Killed Joseph
  7757 | D:7      | Reached skill level 8 in Spellcasting
  7990 | D:7      | Noticed Prince Ribbit
  7996 | D:7      | Killed Prince Ribbit
  8150 | D:7      | Noticed Dowan
  8151 | D:7      | Noticed Duvessa
  8159 | D:7      | Killed Duvessa
  8478 | D:7      | Killed Dowan
  8479 | D:7      | Reached XP level 10. HP: 32/75 MP: 0/0
  8825 | D:7      | Found an ornate altar of the Wu Jian Council.
  8831 | D:7      | Found a sacrificial altar of Ru.
  8833 | D:7      | Found a glowing silver altar of Zin.
  8836 | D:7      | Found an iron altar of Okawaru.
  8962 | D:7      | Killed Crazy Yiuf
  9034 | D:8      | Reached skill level 9 in Spellcasting
  9104 | D:8      | Reached * piety under Makhleb
  9106 | D:8      | Noticed a two-headed ogre
  9107 | D:8      | Noticed Erica
  9241 | D:7      | Slain by a two-headed ogre

Illustrated notes

Levels and vault maps discovered:
D:1:      roderic_dead_forest, layout_loops_ring,
          hellmonk_ecumenical_altar_slurped_away
D:2:      layout_loops_ring, grunt_decor_arrowhead,
          amcnicky_mini_rare_corridor_liquid, uniq_natasha
D:3:      layout_basic, hangedman_feature_mirror
D:4:      layout_loops_corners, minmay_close_crescents
D:5:      layout_loops_ring, temple_green, uniq_blork_the_orc
D:6:      layout_cave_pools, kennysheep_little_box, uniq_grinder
D:7:      layout_rooms, minitemple, nicolae_qazlal_eye_of_the_storm,
          minmay_liquid_box, eino_tiny_chamber, grunt_ministairs_8,
          uniq_prince_ribbit1, uniq_crazy_yiuf_cottage, uniq_joseph,
          uniq_duvessa
D:8:      layout_cave_pools, erik_lair_orcish_takeover, serial_column_ruins,
          column_ruins_square_large, column_ruins_corridor_corner,
          column_ruins_open_tiny, column_ruins_corridor_dead_end,
          column_ruins_open_tiny, uniq_grum, uniq_erica, uniq_maggie,
          uniq_harold, uniq_pikel
Temple:   zaba_magenta_temple

Skill      XL: |  1  2  3  4  5  6  7  8  9 10 |
---------------+-------------------------------+-----
Fighting       | 1 2 3 4 5 7 |  7.8
Spellcasting   | 3 4 5 7 8 9 |  9.0
Dodging        | |  2.1
Stealth        | |  1.5

Action                   |  1- 3 |  4- 6 |  7- 9 | 10-12 || total
-------------------------+-------+-------+-------+-------++-------
 Cast: Sandblast         |    43 |    21 |     4 |       ||    68
       Stone Arrow       |       |    54 |   119 |    22 ||   195
Evoke: Wand              |       |       |     2 |       ||     2
Armor: Robe              |     5 |     4 |     4 |     1 ||    14
Dodge: Dodged            |     9 |     7 |    21 |     4 ||    41
       Repelled          |       |       |     2 |       ||     2

Table legend: (Time is in decaauts)
 A = Elapsed time spent in this place.
 B = Non-inter-level travel time spent in this place.
 C = Inter-level travel time spent in this place.
 D = Time resting spent in this place.
 E = Time spent auto-exploring this place.
 F = Levels seen in this place.
 G = Mean time per level.
                   A        B        C        D        E       F      G
               +--------+--------+--------+--------+--------+-----+--------+
         Total |   9242 |   9007 |    235 |    545 |   7690 |   9 | 1026.9 |
       Dungeon |   9046 |   8833 |    213 |    545 |   7548 |   8 | 1130.8 |
        Temple |    195 |    173 |     22 |      0 |    142 |   1 |  195.0 |
               +--------+--------+--------+--------+--------+-----+--------+

Top non-repeatable levels by time:
     D:4: 1770 daAuts
     D:7: 1749 daAuts
     D:5: 1259 daAuts
     D:2: 1247 daAuts
     D:1: 1097 daAuts
     D:3: 924 daAuts
     D:6: 887 daAuts
  Temple: 195 daAuts
     D:8: 111 daAuts
